 Dungeon Crawl Stone Soup version 0.30-b1-2-g02819fbbbe (webtiles) character file.

Game seed: 15564815949814945479

287 MajorAdolf the Firebug (level 6, -10/49 HPs)
             Began as a Naga Wanderer on Aug 30, 2023.
             Killed by divine providence
             ... invoked by an orc priest
              (13 damage)
             ... on level 4 of the Dungeon.
             The game lasted 00:05:06 (6218 turns).

MajorAdolf the Firebug (Naga Wanderer)              Turns: 6218, Time: 00:05:06

Health: -10/49     AC:  7    Str: 11    XL:     6   Next: 30%
Magic:  0/10       EV: 15    Int: 16    God:
Gold:   274        SH:  0    Dex: 12    Spells: 10/11 levels left

rFire   . . .        m - +1 trident (freeze)
rCold   . . .        (no shield)
rNeg    . . .        c - +0 robe
rPois   +            (no helmet)
rElec   .            (no cloak)
rCorr   .            (no gloves)
SInv    +            (no barding)
Will    .....        (no amulet)
Stlth   ++           r - +4 ring of protection
HPRegen 0.28/turn    f - +5 ring of evasion
MPRegen 0.12/turn

%: no passive effects
@: brilliant, lethally poisoned (-10 -> -14), short of breath, very slow
A: AC +2, large, see invisible, deformed body, poison resistance, slowness 2,
spit poison 1, naga tail 1
a: Spit Poison


You were on level 4 of the Dungeon.
You visited 1 branch of the dungeon, and saw 4 of its levels.

You collected 274 gold pieces.

Inventory:

Hand Weapons
 a - a +0 dagger
 m - a +1 trident of freezing (weapon)
Armour
 c - a +0 robe (worn)
 h - a +0 chain mail
Jewellery
 f - a +5 ring of evasion (right hand)
 r - a +4 ring of protection (left hand)
Scrolls
 b - a scroll of blinking
 e - 2 scrolls of identify {unknown}
 j - a scroll of poison {unknown}
 l - 2 scrolls of enchant armour {unknown}
 n - 2 scrolls of teleportation {unknown}
 q - 2 scrolls of fog {unknown}
 u - a scroll of enchant weapon {unknown}
Potions
 i - 2 potions of curing {unknown}
 k - 2 potions of attraction {unknown}
 o - 2 potions of might {unknown}
 p - a potion of mutation {unknown}
 s - a potion of heal wounds {unknown}
 t - a potion of flight {unknown}
Miscellaneous
 d - a piece from Xom's chessboard (15/15)


   Skills:
 - Level 2.1 Dodging
 + Level 2.7 Stealth
 + Level 3.1 Spellcasting
 + Level 2.9 Transmutations
 + Level 4.8 Fire Magic
 + Level 2.7 Evocations


You had 10 spell levels left.
You knew the following spells:

 Your Spells              Type           Power      Damage    Failure   Level
a - Foxfire               Conj/Fire      60%        2x1d7     7%          1

Your spell library contained the following spells:

 Spells                   Type           Power      Damage    Failure   Level
 Scorch                   Fire           52%        2d7       3%          2
 Wereblood                Tmut           17%        N/A       9%          2
 Passwall                 Tmut/Erth      8%         N/A       16%         2
 Slow                     Hex            12%        N/A       19%         1
 Inner Flame              Hex/Fire       15%        N/A       21%         3
 Confusing Touch          Hex            3%         N/A       50%         3
 Hailstorm                Conj/Ice       3%         3d3       50%         3
 Vampiric Draining        Necr           3%         2d6       50%         3
 Flame Wave               Conj/Fire      15%        2d7       56%         4
 Sticky Flame             Conj/Fire      15%        2d4       56%         4
 Ice Form                 Ice/Tmut       10%        N/A       69%         4
 Simulacrum               Ice/Necr       1%         N/A       100%        6
 Summon Cactus Giant      Summ           1%         N/A       100%        6


Dungeon Overview and Level Annotations

Branches:
Dungeon (4/15)
 Temple: D:4-7

Altars:
Fedhas
Kikubaaqudgha


Innate Abilities, Weirdness & Mutations

Your serpentine skin is tough. (AC +2)
You have supernaturally acute eyesight. (SInv)
Armour fits poorly on your strangely shaped body.
Your system is resistant to poisons. (rPois)
You cover ground very slowly.
You can spit poison.
You have a snake-like lower body.


Message History

Unknown command.
You conjure some foxfire!
The foxfire hits the orc.
The orc is heavily wounded.
The foxfire hits the orc.
You kill the orc!
The gnoll hits you with a +0 flail.
An orc comes into view. It is wielding a +0 trident.
Unknown command.
You conjure some foxfire!
The foxfire hits the orc priest but does no damage.
The gnoll hits you with a +0 flail.
The orc priest hits you with a +1 falchion of venom.
You are poisoned.
You are too injured to fight recklessly!
You are too injured to fight recklessly!
Unknown command.
Your foxfire dissipates!
You feel very sick.
The foxfire hits the orc priest.
The orc priest is lightly wounded.
The orc priest barely misses you. The orc misses you.
A gnoll comes into view. It is wielding a +0 flail.
Aiming: Spit Poison (1% risk of failure)
Press: ? - help, Shift-Dir - straight line, f - gnoll
Aim: a gnoll, wielding a +0 flail (severely wounded, 65% to hit)
The splash of poison misses the gnoll.
The splash of poison hits the orc!
The orc is poisoned.
You kill the orc!
You feel sick. The gnoll hits you with a +0 flail!
* * * LOW HITPOINT WARNING * * *
The orc priest hits you but does no damage.
It was a potion of brilliance.
You feel clever all of a sudden.
* * * LOW HITPOINT WARNING * * *
You feel sick.
The gnoll shouts!
The gnoll misses you. The endoplasm misses you.
The orc priest invokes the aid of Beogh against you.
Beogh smites you!
You die...

### .. .. .. .
.. .## #. #.
.. #.. #g .#
## ###...##.#.
..
......))g##.#
#...##goJ..#
#.#.###@####
#<#.#
#.#..##.#
.....
#.#..##.####.#
#.#..
#.#..........#
#.#.#
#....##.######
#.#.#
#....##.#
#.#.#
##...##.#
##.#.#####
##...#.#
#...#....#
###......#
##.#.###.#


You could see an orc priest, 3 gnolls and an endoplasm.

Vanquished Creatures
  9 gnolls
  4 adders
  2 worms
  4 orcs (D:4)
  7 ball pythons
  4 endoplasms (D:1)
  5 giant cockroaches
  37 goblins
  24 hobgoblins
  7 jackals
  13 kobolds
  4 quokkas
  7 bats
  5 frilled lizards
  6 rats
138 creatures vanquished.

Vanquished Creatures (others)
  501 foxfires
  4 plants (D:4)
505 creatures vanquished.

Grand Total: 643 creatures vanquished

Notes
Turn   | Place    | Note
-------+----------+-------------------------------------------
     0 | D:1      | MajorAdolf the Naga Wanderer began the quest for the Orb.
     0 | D:1      | MajorAdolf set off with the following items: a +0 dagger, a
                  | scroll of blinking, a +0 robe, a piece from Xom's
                  | chessboard (15/15); and the following spell memorised:
                  | Foxfire; and the following spells available to memorise:
                  | Wereblood, Passwall, Inner Flame, Sticky Flame.
     0 | D:1      | Reached XP level 1. HP: 15/15 MP: 3/3
   341 | D:1      | Reached XP level 2. HP: 22/22 MP: 0/5
   780 | D:1      | Reached XP level 3. HP: 28/28 MP: 0/6
  1865 | D:2      | Reached XP level 4. HP: 24/36 MP: 2/7
  2630 | D:2      | Reached skill level 1 in Stealth
  2708 | D:2      | Reached XP level 5. HP: 42/42 MP: 2/9
  3669 | D:3      | Found an ancient bone altar of Kikubaaqudgha.
  3950 | D:3      | Found a blossoming altar of Fedhas.
  5387 | D:3      | Reached XP level 6. HP: 49/49 MP: 5/10
  6218 | D:4      | Killed from afar by an orc priest

Illustrated notes

Levels and vault maps discovered:
D:1:      erik_arrival_blinker_ship, layout_basic
D:2:      layout_loops_ring, nrook_mini_vaults
D:3:      minmay_goblin_kobold_castle, layout_basic, fedhas_altar_fruit_tree,
          mainiacjoe_overflow_concentric_impassable
D:4:      layout_loops_ring, mainiacjoe_overflow_boulevard,
          nemelex_dance_club_becter, ebering_ghost_disaster_area,
          minmay_ogre_servants, uniq_crazy_yiuf_cottage

Skill      XL: |  1  2  3  4  5 |
---------------+----------------+-----
Dodging        | 2 |  2.1
Transmutations | 2 |  2.9
Evocations     | 2 |  2.7
Stealth        | 1 2 |  2.7
Spellcasting   | 3 |  3.1
Fire Magic     | |  4.8

Action                     |  1- 3 |  4- 6 || total
---------------------------+-------+-------++-------
  Melee: Dagger            |    44 |       ||    44
         Punch             |     1 |       ||     1
         Trident           |       |     7 ||     7
   Cast: Foxfire           |    73 |   217 ||   290
Ability: Spit Poison       |     2 |     9 ||    11
    Use: Potion            |       |     1 ||     1
   Stab: Sleeping          |       |     1 ||     1
 Armour: Robe              |    17 |    20 ||    37
  Dodge: Dodged            |    36 |    71 ||   107
